AoeStats
← Chaac1706

Arabia

503161746Analyzed
1v1 RM · 1mo ago on Aug 30, 2026· 32m 21s· 2 players
Game mode
Random Map
Map size
Tiny (2 player)
Population
200
Speed
Normal
Resources
Standard
Victory
Conquest
Starting age
Dark Age
Ending age
Imperial Age
RankedLock teamsTeams togetherTeam positionsShared explorationLock speedFull tech treeHidden civsTurbo modeCheats
Victory
Defeat
🇨🇴 Japanese · Colombia
1136
+17
🇨🇴 Muisca · Colombia
1168
-17
Islands Map Lover
6:38 Loom
9:01 Feudal Age
9:43 Man-at-Arms
13:27 Arson
16:14 Double-Bit Axe
20:03 Wheelbarrow
19:14 Horse Collar
21:47 Scale Mail Armor
26:28 Castle Age
26:06 Forging
26:32 Long Swordsman
27:13 Squires
27:36 Chain Mail Armor
Chaac1706
5:29 Loom
9:23 Feudal Age
9:57 Double-Bit Axe
9:47 Champi Runner
12:30 Town Watch
16:49 Wheelbarrow
19:50 Horse Collar
21:29 Fletching
22:25 Scale Mail Armor
27:51 Castle Age
26:39 Gold Mining
27:29 Forging
27:20 Padded Archer Armor
29:00 Squires
28:33 Champi Warrior
29:53 Hand Cart
29:50 Thumb Ring
29:28 Crossbowman
30:48 Bow Saw
Connection lost

Rejoining the realm…

Still unreachable

The connection could not be restored.

Session expired

The server has moved on; the page needs a fresh start.